 Dungeon Crawl Stone Soup version 0.30.0-18-gf1372a6a44 (webtiles) character file.

Game seed: 12695460063287323166

322 qw the Chopper (level 6, -7/37 HPs)
             Began as a Gargoyle Fighter on May 23, 2023.
             Mangled by Edmund
             ... wielding a +2 flail of protection
              (8 damage)
             ... on level 4 of the Dungeon.
             The game lasted 00:01:12 (2718 turns).

qw the Chopper (Gargoyle Fighter)                   Turns: 2718, Time: 00:01:12

Health: -7/37      AC: 13    Str: 21    XL:     6   Next: 47%
Magic:  6/6        EV:  7    Int:  9    God:
Gold:   122        SH:  4    Dex:  9    Spells: 5/5 levels left

rFire   . . .        Y - +0 war axe
rCold   . . .        c - +0 buckler
rNeg    + + .        r - +0 chain mail {rN+}
rPois   inf          (no helmet)
rElec   +            (no cloak)
rCorr   .            (no gloves)
SInv    .            (no boots)
Will    .....        (no amulet) Stlth
                     (no ring)
HPRegen 0.26/turn    (no ring)
MPRegen 0.10/turn

%: no passive effects
@: about to teleport
A: sickness immunity, AC +4, negative energy resistance 1, electricity
resistance, torment resistance 1, petrification resistance
a: no special abilities


You were on level 4 of the Dungeon.
You visited 1 branch of the dungeon, and saw 4 of its levels.

You collected 215 gold pieces.
You spent 93 gold pieces at shops.


Innate Abilities, Weirdness & Mutations

You are immune to sickness and miasma.
Your stone body is resilient. (AC +4)
You are immune to poison.
You resist negative energy. (rN+)
You are resistant to electric shocks. (rElec)
You are resistant to unholy torment.
You are immune to petrification.


   Skills:
 + Level 3.4 Fighting
 - Level 5.8 Axes
 - Level 1.0 Throwing
 - Level 3.2 Armour
 - Level 3.2 Shields


You had 5 spell levels left.
You didn't know any spells.
Your spell library was empty.

Inventory:

Hand Weapons
 f - a +1 hand axe of flaming
 Y - a +0 war axe (weapon)
Missiles
 e - 5 boomerangs (quivered)
Armour
 c - a +0 buckler (worn)
 r - a +0 chain mail of positive energy (worn)
Wands
 q - a wand of digging (7)
Scrolls
 a - 4 scrolls of silence {unknown}
 j - a scroll of teleportation
Potions
 d - 2 potions of might
 g - a potion of haste {unknown}
 h - a potion of berserk rage {unknown}
 i - 2 potions of heal wounds {unknown}
 l - a potion of lignification {unknown}
 m - a potion of attraction {unknown}
 n - a potion of degeneration {unknown}
 p - a potion of curing {unknown}

Dungeon Overview and Level Annotations

Branches:
Dungeon (4/15)
 Temple: D:4-7

Altars:
Cheibriados
Gozag
Wu Jian

Shops:
D:3 [

Annotations:
D:3 2 transporters, qw's ghost, amateur GrFi
D:4 Edmund


Message History

You block Edmund's attack.
You barely miss Edmund.
Edmund is lightly wounded.
You block Edmund's attack.
You hit Edmund.
Edmund is moderately wounded.
Edmund hits you with a +2 flail of protection!
Edmund hits you with a +2 flail of protection.
You slash Edmund!
Edmund is moderately wounded.
Edmund hits you with a +2 flail of protection!
You barely miss Edmund.
Edmund is moderately wounded.
You block Edmund's attack.
You barely miss Edmund.
Edmund is moderately wounded.
Edmund hits you but does no damage.
You slash Edmund!
Edmund is severely wounded.
Edmund barely misses you. Edmund hits you but does no damage.
You hit Edmund but do no damage.
Edmund is severely wounded.
Edmund hits you but does no damage.
You hit Edmund.
Edmund is severely wounded.
You block Edmund's attack.
You hit Edmund but do no damage.
Edmund is severely wounded.
Edmund hits you with a +2 flail of protection.
You closely miss Edmund.
Edmund is severely wounded.
Edmund hits you with a +2 flail of protection!
2717 ||| READING 2 scrolls of teleportation.
As you read the scroll of teleportation, it crumbles to dust.
You feel strangely unstable.
Edmund hits you with a +2 flail of protection.
You closely miss Edmund.
Edmund is severely wounded.
Edmund hits you with a +2 flail of protection!
You die...

...........###...
...........## ####
.(........##
#...####.## # #.#
###.# ### #.# #...#
#.. #{# #...# #..
#@# #...## ####..
#@# #..).###.....
#.# #..).#......#
#.####..........##
#.#.........###..#
##...##...#.## ##.#
#...######..# ###.#
#..## #.## #...#
##########.####.###
#...........##.


You could see Edmund.

Vanquished Creatures
  Grinder (D:4)
  An orc wizard (D:3)
  An adder (D:2)
  2 worms
  3 dart slugs
  11 orcs
  7 ball pythons
  10 endoplasms
  A giant cockroach (D:1)
  9 goblins
  9 hobgoblins
  3 quokkas
  4 bats
  3 frilled lizards
  6 kobolds
  5 rats
76 creatures vanquished.

Notes
Turn   | Place    | Note
-------+----------+-------------------------------------------
     0 | D:1      | qw the Gargoyle Fighter began the quest for the Orb.
     0 | D:1      | Reached XP level 1. HP: 14/14 MP: 1/1
     0 | D:1      | 0 ||| qw: Version: 0.2-a-98-g5d7165a
     0 | D:1      | 0 ||| qw: Game counter: 5
     0 | D:1      | 0 ||| qw: Always use a shield: true
     0 | D:1      | 0 ||| qw: God list: Okawaru
     0 | D:1      | 0 ||| qw: Allow faded altars: false
     0 | D:1      | 0 ||| qw: Do Orc after D:15 true
     0 | D:1      | 0 ||| qw: Do second Lair branch before Depths: true
     0 | D:1      | 0 ||| qw: Lair rune preference: random
     0 | D:1      | 0 ||| qw: Plans: Normal, Zot:1-4, God:TSO, Crypt, Tomb,
                  | Pan, Slime:5, Hells, Abyss, Win
     0 | D:1      | 0 ||| PLANNING D:1-11
    39 | D:1      | Reached skill level 2 in Axes
    97 | D:1      | 97 ||| Stepping ~*~*~tactically~*~*~ (hiding).
   103 | D:1      | Reached XP level 2. HP: 19/19 MP: 2/2
   302 | D:1      | 302 ||| Stepping ~*~*~tactically~*~*~ (hiding).
   303 | D:1      | 303 ||| Stepping ~*~*~tactically~*~*~ (hiding).
   511 | D:1      | Reached skill level 3 in Axes
   750 | D:1      | Reached XP level 3. HP: 23/23 MP: 3/3
   769 | D:1      | 769 ||| READING scroll labelled WUERI WAOWNUS.
   770 | D:1      | 770 ||| READING scroll labelled GOUNUU PIRE.
   771 | D:1      | 771 ||| READING scroll labelled TIAR VONAN.
   787 | D:2      | Identified the +0 robe "Qafy Bua" {+Blink rF- rC+ Will++}
   792 | D:2      | 792 ||| Stepping ~*~*~tactically~*~*~ (stealth).
   794 | D:2      | 794 ||| Stepping ~*~*~tactically~*~*~ (stealth).
   848 | D:2      | 848 ||| Stepping ~*~*~tactically~*~*~ (stealth).
   943 | D:2      | 943 ||| Stepping ~*~*~tactically~*~*~ (stealth).
   945 | D:2      | 945 ||| Stepping ~*~*~tactically~*~*~ (stealth).
   950 | D:2      | 950 ||| Stepping ~*~*~tactically~*~*~ (hiding).
  1081 | D:2      | 1081 ||| Stepping ~*~*~tactically~*~*~ (water).
  1174 | D:2      | Reached skill level 1 in Throwing
  1253 | D:2      | Reached XP level 4. HP: 28/28 MP: 4/4
  1474 | D:2      | 1474 ||| READING 2 scrolls labelled VINLAOGR JIVE.
  1690 | D:3      | Found a snail-covered altar of Cheibriados.
  1736 | D:3      | Found a transporter.
  1829 | D:3      | Found a transporter.
  1832 | D:3      | Noticed qw's ghost (amateur GrFi)
  1891 | D:3      | 1891 ||| DROPPING +0 club.
  1907 | D:3      | Found Isuxaecu's Armour Shoppe.
  1915 | D:3      | 1915 ||| BUYING +0 chain mail of positive energy (93 gold).
  1915 | D:3      | Bought a +0 chain mail of positive energy for 93 gold
                  | pieces
  1915 | D:3      | 1915 ||| SHOPLISTING +0 pair of gloves (49 gold, have 13).
  1915 | D:3      | 1915 ||| SHOPLISTING +0 plate armour (253 gold, have 13).
  1915 | D:3      | 1915 ||| SHOPLISTING +0 scale mail of fire resistance (121
                  | gold, have 13).
  1915 | D:3      | 1915 ||| SHOPLISTING +4 chain mail of willpower (346 gold,
                  | have 13).
  1924 | D:3      | 1924 ||| Stepping ~*~*~tactically~*~*~ (stealth).
  1933 | D:3      | 1933 ||| DROPPING +2 flail of protection.
  2091 | D:3      | 2091 ||| DROPPING +0 robe "Qafy Bua" {+Blink rF- rC+
                  | Will++}.
  2092 | D:3      | 2092 ||| UPGRADING to +0 chain mail of positive energy.
  2102 | D:3      | 2102 ||| DROPPING +0 scale mail.
  2103 | D:3      | 2103 ||| READING scroll labelled PAX BIOSISO.
  2133 | D:4      | Reached skill level 4 in Axes
  2135 | D:4      | 2135 ||| STAIRDANCE
  2164 | D:3      | HP: 7/28 [something/puff of flame (3)]
  2167 | D:3      | Reached XP level 5. HP: 9/32 MP: 5/5
  2328 | D:4      | Noticed Grinder
  2329 | D:4      | 2329 ||| Stepping ~*~*~tactically~*~*~ (hiding).
  2330 | D:4      | 2330 ||| Stepping ~*~*~tactically~*~*~ (hiding).
  2334 | D:4      | Paralysed by Grinder for 4 turns
  2351 | D:4      | 2351 ||| Stepping ~*~*~tactically~*~*~ (hiding).
  2351 | D:4      | Found an ornate altar of the Wu Jian Council.
  2357 | D:4      | 2357 ||| Stepping ~*~*~tactically~*~*~ (hiding).
  2358 | D:4      | 2358 ||| Stepping ~*~*~tactically~*~*~ (hiding).
  2363 | D:4      | Killed Grinder
  2364 | D:4      | Reached skill level 5 in Axes
  2364 | D:4      | Reached XP level 6. HP: 25/37 MP: 6/6
  2629 | D:4      | Found an opulent altar of Gozag.
  2697 | D:4      | Noticed Edmund
  2716 | D:4      | HP: 3/37 [Edmund/+2 flail of protection (8)]
  2717 | D:4      | 2717 ||| READING 2 scrolls of teleportation.
  2717 | D:4      | HP: 1/37 [Edmund/+2 flail of protection (2)]
  2718 | D:4      | Mangled by Edmund

Levels and vault maps discovered:
D:1:      dpeg_arrival_lava_temple_mockup, layout_basic, supply_closet_lemuel,
          hangedman_abyss_or_decor_lesser_grid
D:2:      layout_rooms, chequers_serial_rivers_large_a
D:3:      layout_loops_ring, mainiacjoe_overflow_catwalk,
          gammafunk_ghost_mausoleum, serial_shops, shop
D:4:      layout_rooms, nicolae_gozag_cash_rules_everything_around_me,
          mainiacjoe_overflow_cross_hatched, uniq_edmund, uniq_grinder

Skill      XL: |  1  2  3  4  5 |
---------------+----------------+-----
Axes           | 2 3 4 5 |  5.8
Throwing       | 1 |  1.0
Fighting       | |  3.4
Armour         | |  3.2
Shields        | |  3.2

Action                     |  1- 3 |  4- 6 || total
---------------------------+-------+-------++-------
  Melee: War axe           |    77 |   106 ||   183
  Throw: Boomerang         |    23 |     6 ||    29
         Javelin           |    10 |    26 ||    36
    Use: Scroll            |     3 |     3 ||     6
 Armour: Scale mail        |    40 |     4 ||    44
         Chain mail        |       |    64 ||    64
  Dodge: Dodged            |    32 |    33 ||    65
  Block: Buckler           |    17 |    32 ||    49

Table legend:
 A = Non-vault XP
 B = Vault XP
 C = Vault XP percentage of total XP
 D = Non-vault monster count
 E = Vault monster count
 F = Vault count percentage of total count
                 A         B        C        D         E       F
            +---------+---------+-------+---------+---------+-------
      Total |     198 |     262 |  57.0 |      75 |       1 |   1.3
            +---------+---------+-------+---------+---------+-------
        D:1 |      34 |       0 |   0.0 |      17 |       0 |   0.0
        D:2 |      51 |       0 |   0.0 |      23 |       0 |   0.0
        D:3 |      75 |       0 |   0.0 |      18 |       0 |   0.0
        D:4 |      38 |     262 |  87.3 |      17 |       1 |   5.6
            +---------+---------+-------+---------+---------+-------
